 Dungeon Crawl Stone Soup version 0.27.0-1-g7a089689b8 (webtiles) character file.

Game seed: 16978657046432722949

2069 SnakkuSnakku7 the Basher (level 9, 0/73 HPs)
             Began as a Minotaur Monk on Aug 11, 2021.
             Slain by Harold (21 damage)
             ... on level 6 of the Dungeon.
             The game lasted 00:07:36 (4745 turns).

SnakkuSnakku7 the Basher (Minotaur Monk)            Turns: 4745, Time: 00:07:36

Health: 0/73       AC: 12    Str: 19    XL:     9   Next: 5%
Magic:  8/8        EV:  8    Int:  7    God:
Gold:   110        SH:  0    Dex: 13    Spells: 8/8 levels left

rFire    + . .     SeeInvis .   a - +1 mace (vorpal)
rCold    . . .     Faith    .   (no shield)
rNeg     . . .     Spirit   .   s - +0 chain mail
rPois    .         Reflect  .   (helmet restricted)
rElec    .         Harm     .   h - +1 cloak {rCorr}
rCorr    +         Rampage  .   (no gloves)
Will     .....                  (no boots)
Stlth    ..........             t - amulet "Agiafoxt" {Acrobat rF+}
HPRegen  0.22/turn              b - +4 ring of slaying
MPRegen  0.11/turn              (no ring)

@: marked
A: horns 2, retaliatory headbutt, iridescent scales 1, subdued magic 1
a: no special abilities


You were on level 6 of the Dungeon.
You visited 1 branch of the dungeon, and saw 7 of its levels.
You also visited: Ossuary.

You collected 337 gold pieces.
You spent 227 gold pieces at shops.

Inventory:

Hand Weapons
 a - a +1 vorpal mace (weapon)
Armour
 h - a +1 cloak of preservation (worn)
 m - a +0 kite shield
 s - a +0 chain mail (worn)
Jewellery
 b - a +4 ring of slaying (left hand)
 t - the amulet "Agiafoxt" (around neck) {Acrobat rF+}
   (You bought it in a shop on level 4 of the Dungeon)

   [amulet of the acrobat]

   It increases your evasion while moving and waiting.
   rF:        It protects you from fire.
Scrolls
 d - 6 scrolls of teleportation
 e - a scroll of holy word {unknown}
 g - a scroll of immolation {unknown}
 i - 3 scrolls of blinking {unknown}
 j - 2 scrolls of enchant armour {unknown}
 l - 2 scrolls of noise {unknown}
 n - 2 scrolls of amnesia {unknown}
 o - a scroll of enchant weapon
 u - a scroll of brand weapon {unknown}
 v - a scroll of silence
 w - a scroll of fear {unknown}
 x - a scroll of summoning {unknown}
Potions
 c - a potion of cancellation {unknown}
 f - a potion of magic {unknown}
 k - 4 potions of heal wounds {unknown}
 p - a potion of might
 q - 4 potions of curing
 r - a potion of flight
 z - a potion of brilliance {unknown}
 A - a potion of mutation


   Skills:
 - Level 4.9 Fighting
 + Level 10.6 Maces & Flails
 - Level 3.2 Dodging
 - Level 1.5 Stealth
 + Level 9.4 Shields


You had 8 spell levels left.
You didn't know any spells.
Your spell library contained the following spells:

 Spells                   Type           Power      Damage    Failure   Level
 Magic Dart               Conj           0%         1d3       99%         1
 Call Imp                 Summ           0%         N/A       100%        2
 Mephitic Cloud           Conj/Pois/Air  0%         N/A       100%        3


Dungeon Overview and Level Annotations

Branches:
Dungeon (7/15)            Ossuary (visited)
 Temple: D:4-7

Altars:
Trog
Vehumet
The Shining One

Shops:
D:1 =   D:4 *===

Annotations:
D:4 Sigmund
D:6 Harold


Innate Abilities, Weirdness & Mutations

You have a pair of horns on your head.
You reflexively headbutt those who attack you in melee.
You are partially covered in iridescent scales. (AC +2)
Your spells are a little easier to cast, but a little less powerful.


Message History

You climb upwards.
There is a stone staircase leading down here.
Unknown command.
You barely miss Harold. You headbutt Harold!
Harold is lightly wounded.
Harold hits you but does no damage.
You sock Harold!
Harold is moderately wounded.
Harold hits you with a +0 flail!!
You hit Harold. You headbutt Harold.
Harold is heavily wounded.
Harold casts a spell at you. The mark upon you grows brighter.
You closely miss Harold. You headbutt Harold.
Harold is heavily wounded.
Harold barely misses you.
You barely miss Harold. Your headbutt misses Harold.
Harold is heavily wounded.
You hit Harold but do no damage. Your headbutt misses Harold.
Harold is heavily wounded.
Harold hits you with a +0 flail!!
You hit Harold.
Harold is heavily wounded.
Harold hits you with a +0 flail!
You are too injured to fight recklessly!
You hit Harold.
Harold is heavily wounded.
Harold hits you with a +0 flail!
* * * LOW HITPOINT WARNING * * *
You hit Harold. You headbutt Harold, but do no damage.
Harold is severely wounded.
Harold gestures at you while chanting. The mark upon you grows brighter.
You thump Harold! You headbutt Harold!
Harold is almost dead.
Harold hits you but does no damage.
Your chain mail prevents you from hitting Harold.
Harold is almost dead.
Harold hits you with a +0 flail!!
You die...

..#'#.......#.#.###
..#.#.......+.#...#
###.###.....#.###.#
+.....+.....#.# #.#
###.###.....#.###.#
..#.#.......#...#.#
.(#'#....####.....#
.........####.#.####
.+.+.....'...†..@..#
.###.....####.##@.##
.# #.....# #.##..#
## #.....# #.....#
#.....# #####.#
#.....# #.#
#.....########.#
#.....##.....#.#
####.....#......#.#


You could see Harold.

Vanquished Creatures
  Grinder (D:3)
  A wraith (Ossuary)
  Menkaure (D:4)
  2 centaurs
  2 necrophages
  2 ogres
  Blork the orc (D:4)
  A bullfrog (D:7)
  2 scorpions
  A water moccasin zombie (D:5)
  3 hounds
  An orc priest (D:4)
  Crazy Yiuf (D:5)
  2 centaur skeletons
  2 iguanas
  A scorpion zombie (D:5)
  5 orc wizards
  A killer bee zombie (D:6)
  A hound zombie (D:5)
  2 hound skeletons
  A mummy (Ossuary)
  Robin (D:4)
  7 gnolls
  10 adders
  3 white imps
  An ufetubus (D:6)
  An adder skeleton (D:4)
  A worm (D:2)
  2 dart slugs
  13 orcs
  6 endoplasms
  3 giant cockroaches
  15 goblins
  10 hobgoblins
  8 jackals
  3 quokkas
  3 ball pythons
  4 bats
  4 frilled lizards
  8 gnoll skeletons (Ossuary)
  6 kobolds
  6 kobold skeletons (Ossuary)
  11 orc skeletons (Ossuary)
  6 rats
166 creatures vanquished.

Vanquished Creatures (others)
  A hobgoblin (D:4)
1 creature vanquished.

Grand Total: 167 creatures vanquished

Notes
Turn   | Place    | Note
-------+----------+-------------------------------------------
     0 | D:1      | SnakkuSnakku7 the Minotaur Monk began the quest for the
                  | Orb.
     0 | D:1      | Reached XP level 1. HP: 19/19 MP: 0/0
    50 | D:1      | Found Meizop's Jewellery Shop.
   202 | D:1      | Reached skill level 4 in Maces & Flails
   206 | D:1      | Reached XP level 2. HP: 18/27 MP: 1/1
   262 | D:1      | Found a faded altar of an unknown god.
   641 | D:2      | Reached XP level 3. HP: 26/34 MP: 2/2
   866 | D:2      | Reached XP level 4. HP: 24/41 MP: 3/3
   919 | D:2      | Reached skill level 5 in Maces & Flails
   934 | D:2      | Found a glowing golden altar of the Shining One.
  1256 | D:2      | Reached skill level 1 in Shields
  1582 | D:3      | Noticed a necrophage
  1608 | D:3      | Killed a necrophage
  1609 | D:3      | Reached XP level 5. HP: 47/47 MP: 4/4
  1912 | D:3      | Noticed Grinder
  1924 | D:3      | Reached skill level 6 in Maces & Flails
  1957 | D:3      | Killed Grinder
  1958 | D:3      | Reached XP level 6. HP: 39/55 MP: 5/5
  2026 | D:4      | Found Nilutin's Assorted Antiques.
  2086 | D:3      | Reached skill level 7 in Maces & Flails
  2140 | D:4      | Bought a scroll labelled POATHR NUDO for 23 gold pieces
  2140 | D:4      | Bought a scroll labelled POATHR NUDO for 23 gold pieces
  2140 | D:4      | Bought a smoky coppery potion for 20 gold pieces
  2140 | D:4      | Bought a heavily runed iron amulet for 115 gold pieces
  2140 | D:4      | Identified the amulet "Agiafoxt" {Acrobat rF+} (You bought
                  | it in a shop on level 4 of the Dungeon)
  2140 | D:4      | Bought a scroll labelled POATHR NUDO for 23 gold pieces
  2206 | D:4      | Noticed Menkaure
  2248 | D:4      | Killed Menkaure
  2249 | D:4      | Reached skill level 5 in Shields
  2249 | D:4      | Reached XP level 7. HP: 47/60 MP: 6/6
  2257 | D:4      | Noticed Blork the orc
  2266 | D:4      | Killed Blork the orc
  2311 | D:4      | Reached skill level 8 in Maces & Flails
  2328 | D:4      | Bought a scroll labelled YNIQOR PAFROAR for 23 gold pieces
  2340 | D:4      | Found Omoyj's Jewellery Shoppe.
  2342 | D:4      | Found Tunkit's Jewellery Boutique.
  2342 | D:4      | Noticed Robin
  2353 | D:5      | Entered Level 5 of the Dungeon
  2353 | D:5      | Found a bloodstained altar of Trog.
  2665 | D:4      | Killed Robin
  2677 | D:4      | Found Irer's Jewellery Boutique.
  2729 | D:4      | Noticed Sigmund
  2744 | D:3      | Gained mutation: Your spells are a little easier to cast,
                  | but a little less powerful. [potion of mutation]
  2744 | D:3      | Gained mutation: You are partially covered in iridescent
                  | scales. (AC +2) [potion of mutation]
  2964 | D:5      | Reached XP level 8. HP: 49/67 MP: 7/7
  3109 | D:5      | Reached skill level 9 in Maces & Flails
  3600 | D:5      | Found a runed translucent door.
  3601 | D:5      | Noticed Crazy Yiuf
  3680 | D:5      | Killed Crazy Yiuf
  3802 | D:6      | Found a radiant altar of Vehumet.
  3878 | D:6      | Found a sand-covered staircase.
  3884 | Ossuary  | Entered an ossuary
  3973 | Ossuary  | Reached skill level 10 in Maces & Flails
  4497 | D:6      | Reached XP level 9. HP: 73/73 MP: 8/8
  4604 | D:7      | Noticed Harold
  4745 | D:6      | Slain by Harold

Illustrated notes

Levels and vault maps discovered:
D:1:      minmay_arrival_plants_in_alcoves, layout_basic, serial_shops,
          nicolae_shop_stone, ebering_ecumenical_altar_box, serial_glass,
          glass_columns_a, glass_columns_b, minmay_splitting_lines
D:2:      layout_loops_ring, basic_altar, serial_rivers,
          chequers_serial_rivers_room_b, chequers_serial_rivers_micro_b,
          chequers_serial_rivers_micro_e, chequers_serial_rivers_large_b,
          chequers_serial_rivers_micro_b, minmay_domino_2
D:3:      layout_rooms, minmay_starry_boxes, uniq_grinder
D:4:      layout_rooms, serial_shops, shop_statue, shop,
          nicolae_shop_temple_entry_statues_fountains, nicolae_shop_trees,
          feat_on_display, uniq_blork_the_orc, uniq_menkaure, uniq_robin,
          uniq_sigmund
D:5:      layout_loops_corners, bloody_trog, uniq_crazy_yiuf_cottage
D:6:      layout_basic, nicolae_overflow_crystal_walls,
          nicolae_ossuary_entry_plus
D:7:      layout_gridville, mainiacjoe_overflow_two_lobes,
          overflow_temple_1_default, grunt_gozag_breadcrumbs,
          minmay_temple_entry_slanted, grunt_ministairs_13, uniq_harold

Skill      XL: |  1  2  3  4  5  6  7  8 |
---------------+-------------------------+-----
Fighting       | 4 |  4.9
Maces & Flails | 4 5 6 7 8 10 | 10.6
Shields        | 2 4 5 7 9 |  9.4
Dodging        | |  3.2
Stealth        | |  1.5

Action                   |  1- 3 |  4- 6 |  7- 9 || total
-------------------------+-------+-------+-------++-------
Melee: Mace              |    89 |   107 |   215 ||   411
       Headbutt          |    11 |    16 |    49 ||    76
  Use: Scroll            |       |     1 |     7 ||     8
       Potion            |       |       |     1 ||     1
Armor: Robe              |    24 |       |       ||    24
       Ring mail         |    19 |    10 |       ||    29
       Chain mail        |       |    43 |    94 ||   137
Dodge: Dodged            |    66 |    48 |   133 ||   247
